 Dungeon Crawl Stone Soup version 0.22-a0-368-g870eee8 (console) character file.

16 vegansnacktivist the Changer (level 2, -2/21 HPs)
             Began as a Merfolk Transmuter on Apr 24, 2018.
             Slain by a jackal (3 damage)
             ... on level 1 of the Dungeon.
             The game lasted 00:01:01 (246 turns).

vegansnacktivist the Changer (Merfolk Transmuter)    Turns: 246, Time: 00:01:02

Health: -2/21      AC:  2    Str: 10    XL:     2   Next: 54%
Magic:  4/5        EV: 13    Int: 12    God:
Gold:   24         SH:  0    Dex: 14    Spells: 4/5 levels left

rFire    . . .     SeeInvis .     - Unarmed
rCold    . . .     Gourm    .   (no shield)
rNeg     . . .     Faith    .   b - +0 robe
rPois    .         Spirit   .   (no helmet)
rElec    .         Reflect  .   (no cloak)
rCorr    .         Harm     .   (no gloves)
MR       .....                  (no boots)
Stlth    +.........             (no amulet)
HPRegen  0.07/turn              (no ring)
MPRegen  0.09/turn              (no ring)

@: appendage (expiring), very slightly contaminated, drained
A: change form in water, swift swim, stealthy swim, horns 2
a: End Transformation


You were on level 1 of the Dungeon.
You were not hungry.
You had grown temporary horns.
You visited 1 branch of the dungeon, and saw 1 of its levels.

You collected 24 gold pieces.

Inventory:

Missiles
 a - 12 arrows
Armour
 b - a +0 robe (worn)
Comestibles
 d - 2 rations


   Skills:
 - Level 1.1(0.9) Fighting
 - Level 2.6(2.5) Dodging
 - Level 3.2(3.1) Unarmed Combat
 - Level 2.0(1.8) Spellcasting
 + Level 4.1(4.0) Transmutations


You had 4 spell levels left.
You knew the following spells:

 Your Spells              Type           Power        Failure   Level  Hunger
a - Beastly Appendage     Tmut           ##....       5%          1    ##.....


Dungeon Overview and Level Annotations

Branches:
Dungeon (1/15)

Altars:


Innate Abilities, Weirdness & Mutations

You revert to your normal form in water.
You are very nimble and swift while swimming.
You are very stealthy in the water. (Stealth+)
You have a pair of horns on your head.


Message History

Unknown command.
Unknown command.
Your transformation is almost over.
The hobgoblin closely misses you. The kobold barely misses you.
There is an open door here.
The kobold throws a stone.
The stone hits you.
* * * LOW HITPOINT WARNING * * *
You see here a stone.
The kobold hits you with a club.
* * * LOW HITPOINT WARNING * * *
The jackal bites you but does no damage.
The hobgoblin hits you with a club.
* * * LOW HITPOINT WARNING * * *
You see here a ring mail.
The bat hits you but does no damage. The jackal barely misses you.
The bat closely misses you. The jackal barely misses you.
The jackal closely misses you.
Found a ration.
The bat closely misses you. The jackal bites you.
You die...

##### ....# ###.#
######## #.#
#######(.....# #.#
#...#.'.[....#
###.###.#.#.#......#
.##...#.#.#..Kghb###
.####.#.#....##h@#
.####...####.##..#
.....).............
############....####
.........#####....
########..# ....#
##.# .%....
#.############ #.##
♣♣♣≈≈≈≈♣♣♣♣


You could see 2 jackals, a hobgoblin, a bat and a kobold.

Vanquished Creatures
  A dart slug (D:1)
  3 bats (D:1)
  A giant cockroach (D:1)
  2 goblins (D:1)
  2 hobgoblins (D:1)
  A frilled lizard (D:1)
  3 kobolds (D:1)
13 creatures vanquished.

Notes
Turn   | Place    | Note
-------+----------+-------------------------------------------
     0 | D:1      | vegansnacktivist the Merfolk Transmuter began the quest for the Orb.
     0 | D:1      | Reached XP level 1. HP: 15/15 MP: 3/3
    47 | D:1      | Reached skill level 3 in Transmutations
   125 | D:1      | Reached XP level 2. HP: 18/21 MP: 3/5
   141 | D:1      | Reached skill level 4 in Transmutations
   243 | D:1      | HP: 1/21 [hobgoblin/club (3)]
   246 | D:1      | Slain by a jackal

Vault maps used:
D:1:      sevenhm_arrival_forest_fort_small_5, serial_bayou_pond_b

Skill      XL: |  1  2 |
---------------+-------+-----
Transmutations | 3 4 |  4.1
Fighting       | |  1.1
Dodging        | |  2.6
Unarmed Combat | |  3.2
Spellcasting   | |  2.0

Action                   || total
-------------------------++-------
Melee: Unarmed           ||    36
       Headbutt          ||     2
       Punch             ||     1
 Cast: Beastly Appendage ||     8
 Stab: Sleeping          ||     1
Armor: Robe              ||    12
Dodge: Dodged            ||    43

Table legend:
 A = Spawn XP
 B = Non-spawn XP
 C = Spawn XP percentage of total XP
 D = Spawn monster count
 E = Non-spawn monster count
 F = Spawn count percentage of total count
 G = Total turns spent on level
                    A         B        C        D         E        F      G
               +---------+---------+-------+---------+---------+-------+---------
         Total |       0 |      23 |   0.0 |       0 |      13 |   0.0 |   246
               +---------+---------+-------+---------+---------+-------+---------
           D:1 |       0 |      23 |   0.0 |       0 |      13 |   0.0 |   246
               +---------+---------+-------+---------+---------+-------+---------
